Map: Moonlight Madness LE (Void)

Players

wabbajack

  • Race: Zerg Zerg
  • League: Gold

Filigranas - Winner!

  • Race: Zerg Zerg
  • League: Bronze

VOD

Have the link to the VOD?

Description

Time

  • Played on: July 20, 2015, 1:06 p.m.
  • Length: 11:29
Show
View Real Time Build Order
Export as new Build Order

wabbajack Zerg 

Build Orders: Pool First 

Get SALT Encoding   

  12  0:01  Drone  
  13  0:09  Drone  
  14  0:27  Spawning Pool  
  13  0:30  Drone  
  14  0:40  Extractor  
  14  0:41  Drone, Extractor  
  14  0:42  Drone  
  15  0:50  Overlord  
  15  1:08  Drone x2  
  17  1:13  Queen  
  17  1:16  Drone  
  20  1:28  Spine Crawler  
  20  1:30  Overlord  
  19  1:38  Drone  
  20  1:54  Roach Warren  
  19  1:56  Drone  
  19  1:57  Drone  
  21  2:20  Drone, Overlord  
  22  2:34  Roach x2  
  22  2:35  Roach x2  
  30  3:00  Roach x2  
  30  3:01  Hatchery  
  33  3:07  Metabolic Boost  
  33  3:12  Overlord  
  33  3:23  Queen  
  35  3:29  Overlord  
  35  3:50  Overlord  
  35  3:53  Drone  
  36  4:21  Roach x4  
  36  4:22  Roach x4  
  52  4:34  Overlord  
  52  4:43  Roach x2  
  52  4:44  Roach  
  58  4:46  Roach  
  60  4:58  Overlord  
  60  5:03  Drone  
  60  5:04  Drone x2  
  63  5:14  Zergling x10  
  68  5:25  Overlord  
  68  5:29  Zergling x2  
  68  5:30  Zergling x6  
  72  5:38  Zergling x2  
  72  5:39  Zergling x6  
  76  5:46  Overlord  
  77  5:50  Zergling x4  
  62  6:10  Zergling x2  
  62  6:11  Zergling x18  
  50  6:34  Zergling x2  
  50  6:35  Zergling x8  
  32  7:08  Drone x2  
  32  7:09  Drone x2  
  32  7:10  Drone x2  
  32  7:11  Drone x2  
  32  7:12  Drone x2  
  32  7:13  Roach  
  32  7:14  Roach x2  
  48  7:19  Extractor  
  48  7:21  Roach  
  49  7:25  Queen  
  51  7:41  Spine Crawler  
  51  7:43  Spine Crawler  
  49  7:47  Roach x3  
  49  7:48  Roach x3  
  49  7:49  Roach  
  63  8:13  Roach  
  63  8:14  Roach x4  
  63  8:19  Zergling x2  
  74  8:20  Zergling x16  
  74  8:26  Overlord  
  82  8:48  Zergling x2  
  83  8:49  Zergling x8  
  83  8:53  Hatchery  
  81  9:08  Ravager x4  
  85  9:15  Overlord  
  85  9:16  Overlord  
  85  9:17  Drone x3  
  85  9:18  Drone x3  
  85  9:20  Extractor  
  90  9:54  Ravager  
  75  10:12  Zergling x24  
  52  10:33  Roach x9  
  70  10:41  Extractor  
  69  10:45  Roach  
  69  10:46  Roach x2  
  55  11:07  Zergling x2  
  55  11:08  Zergling x20  
Show
View Real Time Build Order
Export as new Build Order

Filigranas Zerg - Winner!

Build Orders: Pool First 

Get SALT Encoding   

  12  0:01  Drone  
  13  0:14  Overlord  
  13  0:17  Drone  
  14  0:32  Drone x2  
  16  0:36  Drone  
  17  0:45  Spawning Pool  
  17  0:49  Drone  
  17  0:54  Extractor  
  16  0:58  Drone  
  17  1:18  Hatchery  
  16  1:21  Drone  
  17  1:32  Queen  
  19  1:35  Zergling x2  
  20  1:45  Drone x2  
  22  1:52  Overlord  
  22  2:06  Metabolic Boost  
  22  2:12  Zergling x4  
  24  2:20  Spine Crawler  
  23  2:31  Drone, Queen  
  23  2:33  Drone  
  23  2:35  Drone  
  28  2:42  Drone x3  
  31  2:44  Drone  
  31  2:50  Drone  
  33  2:52  Drone  
  33  2:57  Overlord  
  34  3:07  Overlord  
  34  3:18  Drone x2  
  34  3:19  Drone x5  
  41  3:37  Drone  
  41  3:38  Evolution Chamber, Drone  
  42  3:41  Evolution Chamber  
  42  3:46  Drone x2  
  42  3:48  Extractor  
  41  3:53  Roach Warren  
  41  3:55  Overlord x2  
  40  4:04  Lair  
  40  4:06  Drone  
  41  4:13  Drone x2  
  43  4:23  Spine Crawler  
  42  4:24  Drone, Spine Crawler  
  42  4:25  Drone x2  
  42  4:28  Extractor x2  
  42  4:40  Roach  
  42  4:41  Roach x4  
  42  4:43  Zerg Missile Weapons Level 1  
  42  4:44  Zerg Ground Armor Level 1  
  52  4:47  Drone x4  
  56  4:53  Drone x4  
  56  4:56  Roach  
  62  5:09  Hatchery, Roach  
  62  5:12  Glial Reconstitution  
  63  5:21  Roach x2  
  67  5:33  Spine Crawler  
  66  5:36  Overlord x3  
  66  5:48  Spine Crawler  
  65  5:51  Spine Crawler  
  65  5:52  Spine Crawler  
  63  5:57  Roach x5  
  63  5:59  Zergling x2  
  60  6:17  Roach x5  
  60  6:18  Roach  
  66  6:30  Roach x2  
  66  6:31  Roach x5  
  77  6:38  Spine Crawler  
  63  6:51  Spine Crawler  
  54  6:56  Drone x2  
  54  7:05  Drone x6  
  60  7:11  Drone x2  
  62  7:17  Drone x2  
  62  7:21  Drone  
  65  7:28  Zerg Missile Weapons Level 2  
  65  7:39  Drone x2  
  65  7:40  Spine Crawler  
  65  7:43  Drone x3  
  69  7:44  Drone  
  70  8:00  Drone  
  70  8:01  Drone x2  
  70  8:03  Queen  
  70  8:05  Drone x2  
  77  8:14  Queen  
  77  8:15  Roach  
  77  8:16  Roach x2  
  85  8:22  Zerg Ground Armor Level 2  
  85  8:31  Drone x2  
  87  8:34  Drone, Extractor  
  87  8:35  Drone x5  
  87  8:38  Overlord  
  92  8:52  Spine Crawler  
  92  8:53  Roach x2  
  95  8:56  Roach x3  
  95  8:57  Roach  
  103  9:12  Overlord, Spine Crawler  
  102  9:18  Overseer  
  102  9:20  Overlord, Roach  
  102  9:21  Overlord  
  104  9:25  Drone  
  104  9:29  Overlord x2  
  105  9:41  Overlord  
  105  9:48  Roach x3  
  105  9:49  Roach x2  
  105  9:50  Roach x2  
  105  9:51  Roach x2  
  123  9:58  Infestation Pit  
  98  10:29  Roach  
  98  10:30  Roach x6  
  98  10:31  Roach  
  98  10:32  Roach x5  
  124  10:45  Overseer  
  118  11:10  Roach  
Tags
 
Add a new tag
Caveats
  • Supply blocks, unpowered buildings, or Contaminate may cause inaccurate times.
  • Supply counts are checked every 10 seconds.